 Dungeon Crawl Stone Soup version 0.29.1-2-gbd0b4ee654 (webtiles) character file.

Game seed: 15011449892377005825

45 lmSkywalker the Caller (level 3, -2/19 HPs)
             Began as a Tengu Summoner on Nov 24, 2022.
             Slain by Ijyb
             ... wielding a +0 club
              (3 damage)
             ... on level 3 of the Dungeon.
             The game lasted 00:07:25 (2092 turns).

lmSkywalker the Caller (Tengu Summoner)             Turns: 2092, Time: 00:07:25

Health: -2/19      AC:  3    Str:  8    XL:     3   Next: 64%
Magic:  0/7        EV: 11    Int: 17    God:
Gold:   153        SH:  0    Dex: 14    Spells: 1/7 levels left

rFire   . . .      SeeInvis .   c - +0 spear
rCold   . . .      Faith    .   (no shield)
rNeg    . . .      Spirit   .   h - +0 leather armour
rPois   .          Reflect  .   (helmet restricted)
rElec   .          Harm     .   (no cloak)
rCorr   .          Rampage  .   (no gloves)
Will    .....                   (boots unavailable)
Stlth   ++........              (no amulet)
HPRegen 0.06/turn               (no ring)
MPRegen 0.10/turn               (no ring)

@: no status effects
A: beak, talons 3
a: no special abilities


You were on level 3 of the Dungeon.
You visited 1 branch of the dungeon, and saw 3 of its levels.

You collected 153 gold pieces.

Inventory:

Hand Weapons
 c - a +0 spear (weapon)
Armour
 a - a +0 robe
 h - a +0 leather armour (worn)
Magical Staves
 k - a staff of death
Scrolls
 e - a scroll of magic mapping {unknown}
 f - 3 scrolls of identify {unknown}
 i - a scroll of enchant weapon {unknown}
 l - a scroll of blinking {unknown}
 m - a scroll of immolation {unknown}
Potions
 b - a potion of magic
 d - 2 potions of berserk rage {unknown}
 g - a potion of ambrosia {unknown}
 j - a potion of flight {unknown}
 n - a potion of lignification {unknown}


   Skills:
 - Level 2.1 Dodging
 + Level 2.9 Stealth
 + Level 2.6 Spellcasting
 + Level 5.4 Summonings


You had one spell level left.
You knew the following spells:

 Your Spells              Type           Power      Damage    Failure   Level
a - Summon Small Mammal   Summ           80%        N/A       3%          1
b - Call Imp              Summ           20%        N/A       4%          2
c - Call Canine Familiar  Summ           20%        N/A       9%          3

Your spell library contained the following spells:

 Spells                   Type           Power      Damage    Failure   Level
 Summon Guardian Golem    Hex/Summ       11%        N/A       26%         3
 Dazzling Flash           Conj/Hex       4%         N/A       63%         3
 Summon Lightning Spire   Summ/Air       11%        N/A       65%         4
 Agony                    Necr           2%         N/A       100%        5
 Silence                  Hex/Air        1%         N/A       100%        5


Dungeon Overview and Level Annotations

Branches:
Dungeon (3/15)

Altars:
Zin

Annotations:
D:3 2 exclusions, Ijyb


Innate Abilities, Weirdness & Mutations

You have a beak for a mouth.
You have claws for feet.


Message History

You reach to attack!
You barely miss Ijyb.
Ijyb is heavily wounded.
Your quokka barely misses Ijyb.
Ijyb closely misses your quokka.
Your crimson imp blinks!
Your quokka barely misses Ijyb.
Reach: c) +0 spear
Press: ? - help, Dir - move target, f/p - Ijyb
Aim: Ijyb, wielding a +0 club, wearing a +0 chain mail and carrying a wand of iceblast (10) (heavily wounded, ally target, about 40% to evade your +0 spear)
You reach to attack!
You hit Ijyb but do no damage.
Ijyb is heavily wounded.
Ijyb screams, "I cut your head off!" Ijyb closely misses your quokka.
Your quokka bites Ijyb.
Reach: c) +0 spear
Press: ? - help, Dir - move target, f/p - Ijyb
Aim: Ijyb, wielding a +0 club, wearing a +0 chain mail and carrying a wand of iceblast (10) (severely wounded, ally target, about 40% to evade your +0 spear)
You reach to attack!
You closely miss Ijyb.
Ijyb is severely wounded.
Your quokka bites Ijyb but does no damage.
Ijyb misses your quokka.
Your crimson imp blinks!
Reach: c) +0 spear
Press: ? - help, Dir - move target, f/p - Ijyb
Aim: Ijyb, wielding a +0 club, wearing a +0 chain mail and carrying a wand of iceblast (10) (severely wounded, not watching you, ally target, about 40% to evade your +0 spear)
You reach to attack!
You strike the helpless Ijyb from behind!
You hit Ijyb.
Ijyb is severely wounded.
Your quokka completely misses Ijyb.
Ijyb hits your quokka with a +0 club.
Your quokka dies!
Your quokka's corpse disappears in a puff of smoke!
Casting: Call Imp (safe; 4% risk of failure)
Confirm with . or Enter, or press ? or * to list all spells.
A beastly little devil appears in a puff of flame.
Reach: c) +0 spear
Press: ? - help, Dir - move target, f/p - Ijyb
Aim: Ijyb, wielding a +0 club, wearing a +0 chain mail and carrying a wand of iceblast (10) (blue smoke, severely wounded, ally target, about 40% to evade your +0 spear)
You barely miss Ijyb.
Ijyb is severely wounded.
Ijyb hits you with a +0 club.
You die...

#..$...# #.......
#......#
#......######
.........!#
#.#.......#####
#....?.........
#g@.......
#.....###. #..5..#
###.....# #
.........#######..
.....####.........#
..... #.........#
..... #.........#
##### #.........#


You could see Ijyb (ally target) and a friendly crimson imp (summoned).

Vanquished Creatures
  A ball python (D:3)
  2 bats (D:2)
  An endoplasm (D:1)
  A giant cockroach (D:1)
  3 hobgoblins
  4 jackals
  A quokka (D:1)
  A frilled lizard (D:2)
  A rat (D:2)
15 creatures vanquished.

Vanquished Creatures (collateral kills)
  An adder (D:2)
  2 ball pythons (D:1)
  3 bats
  An endoplasm (D:1)
  A giant cockroach (D:2)
  A goblin (D:2)
  3 jackals (D:2)
  A frilled lizard (D:1)
  A kobold (D:2)
  A rat (D:1)
15 creatures vanquished.

Grand Total: 30 creatures vanquished

Notes
Turn   | Place    | Note
-------+----------+-------------------------------------------
     0 | D:1      | lmSkywalker the Tengu Summoner began the quest for the Orb.
     0 | D:1      | Reached XP level 1. HP: 10/10 MP: 4/4
   163 | D:1      | Reached skill level 5 in Summonings
   166 | D:1      | Reached XP level 2. HP: 7/15 MP: 1/6
   366 | D:1      | You fall into a shaft and drop 1 floor!
   578 | D:1      | Learned a level 2 spell: Call Imp
   590 | D:1      | Found a faded altar of an unknown god.
   997 | D:2      | Found a glowing silver altar of Zin.
  1012 | D:2      | Reached XP level 3. HP: 9/19 MP: 3/7
  1253 | D:2      | Learned a level 3 spell: Call Canine Familiar
  2076 | D:3      | Noticed Ijyb
  2092 | D:3      | Slain by Ijyb

Illustrated notes

Levels and vault maps discovered:
D:1:      wheals_arrival_shading, layout_basic, chequers_ecumenical_altar_grove
D:2:      layout_loops_ring, basic_altar
D:3:      minmay_goblin_kobold_castle, layout_basic, uniq_ijyb

Skill      XL: |  1 |
---------------+----+-----
Summonings     | 5 |  5.4
Dodging        | |  2.1
Stealth        | |  2.9
Spellcasting   | |  2.6

Action                   || total
-------------------------++-------
Melee: Unarmed           ||     9
       Kick              ||     9
       Spear             ||    50
       Peck              ||     4
 Cast: Summon Small Mamm ||    35
       Call Imp          ||     7
 Stab: Distracted        ||     2
       Sleeping          ||     1
Armor: Robe              ||    11
       Leather armour    ||    10
Dodge: Dodged            ||    50
